 Dungeon Crawl Stone Soup version 0.26-a0-652-gafc20e3620 (webtiles) character file.

Game seed: 11064949039616743686

124269 Decritt the Fighter (level 16, -15/147 HPs)
             Began as a Hill Orc Fighter on Oct 1, 2020.
             Was an Elder of Okawaru.
             Killed from afar by a deep elf sorcerer (20 damage)
             ... with damnation
             ... on level 3 of the Elven Halls on Oct 2, 2020.
             The game lasted 04:01:03 (29170 turns).

Decritt the Fighter (Hill Orc Fighter)             Turns: 29170, Time: 04:01:04

Health: -15/147    AC: 26    Str: 34    XL:     16   Next: 92%
Magic:  0/26       EV:  8    Int:  8    God:    Okawaru [****..]
Gold:   413        SH: 25    Dex: 12    Spells: 14/15 levels left

rFire    + . .     SeeInvis .   T - +6 broad axe (freeze)
rCold    + . .     Faith    .   S - +3 tower shield
rNeg     . . .     Spirit   +   G - +4 plate armour {rC+}
rPois    +         Reflect  .   L - +0 helmet
rElec    .         Harm     +   y - +0 cloak "Hygum" {Harm rF+ Str+2 Dex+2}
rCorr    .         Rampage  .   B - +0 pair of gloves
MR       +....                  D - +0 pair of boots
Stlth    ..........             b - amulet of guardian spirit
HPRegen  0.34/turn              p - +6 ring of strength
MPRegen  0.20/turn              a - ring of poison resistance

@: no status effects
A: no striking features
a: Heroism, Renounce Religion


You were on level 3 of the Elven Halls.
You worshipped Okawaru.
Okawaru was greatly pleased with you.
You visited 4 branches of the dungeon, and saw 21 of its levels.
You visited 1 bazaar.

You collected 1892 gold pieces.
You spent 1479 gold pieces at shops.

Inventory:

Hand Weapons
 e - a +3 eveningstar of flaming
 v - the +0 broad axe "Fyel" {elec, rF- Str+2 Dex+4 Stlth+}
   (Okawaru gifted it to you on level 15 of the Dungeon)

   Occasionally, upon striking a foe, it will discharge some electrical energy
   and cause terrible harm.
   It affects your strength (+2).
   It affects your dexterity (+4).
   It makes you vulnerable to fire.
   It makes you more stealthy.
 A - a +2 dire flail of holy wrath
 T - a +6 broad axe of freezing (weapon)
Missiles
 X - 2 silver boomerangs (quivered)
Armour
 y - the +0 cloak "Hygum" (worn) {Harm rF+ Str+2 Dex+2}
   (You found it on level 4 of the Dungeon)

   It affects your strength (+2).
   It affects your dexterity (+2).
   It protects you from fire.
   It increases damage dealt and taken.
 z - the +0 scale mail "Weuz" {Int+4 Dex+4}
   (Okawaru gifted it to you on level 2 of the Elven Halls)

   It affects your intelligence (+4).
   It affects your dexterity (+4).
 B - a +0 pair of gloves (worn)
 D - a +0 pair of boots (worn)
 G - a +4 plate armour of cold resistance (worn)
 L - a +0 helmet (worn)
 S - a +3 tower shield (worn)
Jewellery
 a - a ring of poison resistance (right hand)
 b - an amulet of guardian spirit (around neck)
 d - an uncursed ring of magical power
 o - an uncursed ring of resist corrosion
 p - a +6 ring of strength (left hand)
 t - an uncursed amulet of the acrobat
 w - an uncursed ring of protection from cold
 P - an uncursed ring of flight
 W - an uncursed ring of positive energy
Wands
 k - a wand of flame (32)
 C - a wand of polymorph (14)
 E - a wand of acid (6)
 K - a wand of paralysis (23)
 M - a wand of iceblast (9)
Scrolls
 f - 10 scrolls of remove curse
 g - 5 scrolls of immolation
 i - 10 scrolls of teleportation
 n - 4 scrolls of identify
 x - 5 scrolls of fear
 F - 2 scrolls of fog
 H - 5 scrolls of vulnerability
 N - 2 scrolls of blinking
 O - a scroll of magic mapping
 U - a scroll of silence
Potions
 h - 2 potions of lignification
 j - a potion of heal wounds
 l - 3 potions of cancellation
 m - a potion of mutation
 q - 3 potions of ambrosia
 r - a potion of resistance {unknown}
 s - a potion of curing
 u - 2 potions of flight
 I - a potion of berserk rage
 J - a potion of magic
 R - a potion of might
Miscellaneous
 c - a tin of tremorstones (3/3)
 Q - a phial of floods


   Skills:
 + Level 14.9 Fighting
 + Level 12.2(14.2) Axes
 - Level 10.3(12.0) Maces & Flails
   Level 3.2(7.4) Polearms
 - Level 3.0 Throwing
 + Level 13.9 Armour
 - Level 3.0 Dodging
 + Level 13.9 Shields
 + Level 0.1 Spellcasting
 + Level 13.5 Invocations
 + Level 10.8 Evocations


You had 14 spell levels left.
You knew the following spells:

 Your Spells              Type           Power        Failure   Level
a - Freeze                Ice            #...         100%        1

Your spell library contained the following spells:

 Spells                   Type           Power        Failure   Level
 Beastly Appendage        Tmut           #.....       100%        1
 Foxfire                  Conj/Fire      #...         100%        1
 Magic Dart               Conj           #...         100%        1
 Wereblood                Tmut           #.......     100%        2
 Conjure Flame            Conj/Fire      #.......     100%        3
 Frozen Ramparts          Ice            #.....       100%        3
 Inner Flame              Hex/Fire       #.......     100%        3
 Ozocubu's Armour         Ice            #.......     100%        3
 Spider Form              Tmut/Pois      #.........   100%        3
 Hailstorm                Conj/Ice       #.......     100%        4
 Ice Form                 Ice/Tmut       #.......     100%        4
 Leda's Liquefaction      Hex/Erth       #.........   100%        4
 Sticky Flame             Conj/Fire      #.......     100%        4
 Summon Ice Beast         Ice/Summ       #.......     100%        4
 Summon Lightning Spire   Summ/Air       #.......     100%        4
 Blade Hands              Tmut           #.........   100%        5
 Bolt of Magma            Conj/Fire/Erth #.........   100%        5
 Fireball                 Conj/Fire      #.........   100%        5
 Irradiate                Conj/Tmut      #.........   100%        5
 Iskenderun's Battlesphe  Conj           #.......     100%        5
 Silence                  Hex/Air        #.........   100%        5
 Conjure Ball Lightning   Conj/Air       #.........   100%        6
 Hydra Form               Tmut           #.........   100%        6
 Iron Shot                Conj/Erth      #.........   100%        6
 Statue Form              Tmut/Erth      #........    100%        6
 Dragon Form              Tmut           #.........   100%        7
 Shatter                  Erth           #.........   100%        9
 Tornado                  Air            #.........   100%        9


Dungeon Overview and Level Annotations

Branches:
Dungeon (15/15)            Temple (1/1) D:4            Lair (0/6) D:11
    Orc (2/2) D:9             Elf (3/3) Orc:2        Depths (0/5) D:15
 Vaults: D:13-14

Altars:
Ashenzari
Cheibriados
Dithmenos
Elyvilon
Fedhas
Gozag
Hepliaklqana
Kikubaaqudgha
Makhleb
Nemelex Xobeh
Okawaru
Qazlal
Ru
Sif Muna
Trog
Uskayaw
Vehumet
Wu Jian
Xom
Yredelemnul
Zin
The Shining One

Shops:
D:9 (   Orc:2 ?(((   Elf:1 =   Elf:2 :

Annotations:
Elf:1 rings


Message History

The deep elf sorcerer casts a spell at you.
The sphere of damnation explodes!
The damnation engulfs you!!!
The deep elf sorcerer mumbles some strange words.
The deep elf sorcerer seems to speed up.
The deep elf sorcerer's eyes start to glow.
You feel like a meek peon again.
Okay, then.
Okay, then.
Press: ? - help, Dir - move target cursor
As you read the scroll of blinking, it crumbles to dust.
The deep elf sorcerer casts a spell at you.
The sphere of damnation explodes!
The damnation engulfs you!!!
* * * LOW HITPOINT WARNING * * *
There is a stone staircase leading up here.
The deep elf sorcerer howls an incantation.
You feel disoriented.
The deep elf sorcerer's eyes start to glow.
The deep elf sorcerer points at you and mumbles some strange words.
The sphere of damnation explodes!
The damnation engulfs you!!
You die...

#.)###(...).........##*######*,*
#..#*######...........,,....#,**
##..##.##....<.......##**#....**
....#.#...............# #.#.#,**
.....###..............## #.#.#*,*
....## ##.##..^........###.#.#**,
...## ##.#..(.........##.#)# **
.##.#* ####..(.........#.#.#
##*#.#* ##..@..........#.# # *#.#
*#.......e.......#### *##
#.........e...)...... * *** ***
##............)...### ## **,*
*≈** ###.##.....#.(...## .##*,,*
*≈≈****#..........(....##
#.#.*.##*≈≈#,,*#.####.....(....##
#..##..##≈≈#,,,..# #.##..(....#.
..#*#..#≈≈≈#,,**** #.###.....#..


You could see 2 deep elf sorcerers.

Vanquished Creatures
  Asterion (Elf:1)
  A deep elf blademaster (Elf:2)
  Agnes (Elf:1)
  Roxanne (Elf:2)
  A deep elf sorcerer (Elf:1)
  Azrael (Elf:2)
  A fire dragon (D:14)
  Josephine (D:14)
  An ogre mage (D:15)
  4 centaur warriors
  Erica (D:9)
  27 dancing weapons
  8 two-headed ogres
  2 tengu warriors (D:15)
  4 orc high priests
  17 deep elf knights
  16 slime creatures
  An unseen horror (D:14)
  5 skeletal warriors (D:14)
  Pikel (D:7)
  2 wizards (D:15)
  7 orc knights
  16 deep elf archers
  2 wolf spider zombies (D:15)
  A necromancer (D:15)
  9 ugly things
  6 orc sorcerers
  4 cyclopes
  57 deep elf magi
  Joseph (D:7)
  5 centaur zombies
  A naga mage (D:15)
  2 gargoyles
  Maggie (D:7)
  A yaktaur (D:15)
  2 tengu conjurers (D:15)
  6 trolls
  Prince Ribbit (D:6)
  6 hippogriffs
  A hippogriff (shapeshifter) (Elf:1)
  10 yaks
  3 wyverns
  An air elemental (Elf:3)
  A human (shapeshifter) (D:13)
  2 fire elementals (Elf:2)
  A vampire (D:13)
  7 wraiths
  Eustachio (D:5)
  2 hogs (shapeshifter) (D:14)
  3 wargs
  A soldier ant (shapeshifter) (D:14)
  3 water moccasins
  2 acid dragons
  6 hell hounds (Elf:2)
  5 ice beasts
  3 black bears (D:8)
  30 orc warriors
  6 sky beasts
  4 phantoms
  12 ogres
  3 eyes of draining
  11 centaurs
  A big kobold (D:14)
  9 bullfrogs
  A gnoll sergeant (D:11)
  An earth elemental (Elf:2)
  3 wyvern skeletons
  3 scorpions
  11 killer bees
  15 wights
  3 howler monkeys
  4 electric eels (Elf:3)
  2 bullfrog zombies
  A quasit (D:11)
  2 jellies
  34 orc wizards
  5 centaur skeletons
  A gnoll shaman (D:9)
  24 orc priests
  9 hounds
  4 iguanas
  12 worker ants
  2 hound skeletons
  A howler monkey skeleton (D:9)
  8 gnolls
  13 adders
  4 river rats (D:6)
  3 shadow imps
  2 white imps
  3 oozes
  An ufetubus (D:7)
  4 adder skeletons
  An adder zombie (D:6)
  5 worms
  A dart slug (D:3)
  4 leopard geckos
  90 orcs
  6 bats
  A giant cockroach (D:6)
  7 goblins
  6 hobgoblins
  16 jackals
  3 quokkas
  4 ball pythons
  4 frilled lizards
  5 kobolds
  A leopard gecko skeleton (D:7)
  6 rats
689 creatures vanquished.

Vanquished Creatures (others)
  An unseen horror (D:11)
  17 plants
18 creatures vanquished.

Grand Total: 707 creatures vanquished

Notes
Turn   | Place    | Note
-------+----------+-------------------------------------------
     0 | D:1      | Decritt the Hill Orc Fighter began the quest for the Orb.
     0 | D:1      | Reached XP level 1. HP: 19/19 MP: 1/1
   156 | D:1      | HP: 1/20 [gnoll/+0 whip (2)]
   162 | D:1      | Reached XP level 2. HP: 4/27 MP: 2/2
  1197 | D:1      | Reached skill level 4 in Fighting
  1238 | D:1      | Reached XP level 3. HP: 33/33 MP: 3/3
  1748 | D:2      | Found a hide-covered altar of Uskayaw.
  1981 | D:3      | Reached XP level 4. HP: 38/40 MP: 4/4
  2370 | D:4      | Reached XP level 5. HP: 35/47 MP: 5/5
  2466 | D:4      | Noticed a phantom
  2534 | D:4      | Killed a phantom
  2534 | D:4      | Reached skill level 5 in Fighting
  2534 | D:4      | Reached XP level 6. HP: 18/56 MP: 6/6
  2657 | D:4      | Reached skill level 5 in Axes
  3001 | D:4      | Reached skill level 5 in Armour
  3001 | D:4      | Reached skill level 5 in Shields
  3012 | D:4      | Reached XP level 7. HP: 59/61 MP: 7/7
  3242 | D:4      | Found a staircase to the Ecumenical Temple.
  3251 | D:4      | Got a faintly humming cloak
  3253 | D:4      | Identified the +0 cloak "Hygum" {Harm rF+ Str+2 Dex+2} (You
                  | found it on level 4 of the Dungeon)
  3608 | Temple   | Entered the Ecumenical Temple
  3834 | Temple   | Became a worshipper of Warmaster Okawaru
  3883 | D:5      | Entered Level 5 of the Dungeon
  4042 | D:5      | Reached skill level 1 in Invocations
  4540 | D:5      | Reached skill level 6 in Fighting
  4648 | D:5      | Noticed Eustachio
  4912 | D:6      | Noticed Prince Ribbit
  4917 | D:6      | Killed Prince Ribbit
  4917 | D:6      | Reached * piety under Okawaru
  4917 | D:6      | Reached XP level 8. HP: 45/71 MP: 9/9
  6106 | D:5      | Killed Eustachio
  6156 | D:7      | Noticed a hornet
  6160 | D:7      | Paralysed by a hornet for 2 turns
  6165 | D:7      | Paralysed by a hornet for 1 turns
  6167 | D:7      | Reached skill level 7 in Fighting
  6168 | D:7      | Paralysed by a hornet for 3 turns
  6174 | D:7      | HP: 3/73 [hornet (10)]
  6186 | D:6      | Paralysed by a hornet for 2 turns
  6188 | D:6      | HP: 3/73 [hornet (7)]
  6837 | D:7      | Reached XP level 9. HP: 79/79 MP: 11/11
  7218 | D:7      | Noticed Joseph
  7238 | D:7      | Killed Joseph
  7238 | D:7      | Reached ** piety under Okawaru
  7368 | D:7      | Noticed Maggie
  7402 | D:7      | Killed Maggie
  7402 | D:7      | Reached skill level 8 in Fighting
  7631 | D:7      | Noticed Pikel
  7648 | D:7      | Killed Pikel
  7648 | D:7      | Reached skill level 5 in Invocations
  8196 | D:8      | Reached *** piety under Okawaru
  8223 | D:8      | Reached XP level 10. HP: 80/90 MP: 14/14
  8465 | D:8      | Reached skill level 1 in Maces & Flails
  8529 | D:8      | Reached skill level 9 in Fighting
  8529 | D:8      | Reached skill level 1 in Evocations
  8906 | D:9      | Found Hugodasm's Weapon Boutique.
  8909 | D:9      | Found a staircase to the Orcish Mines.
  9061 | D:9      | Learned a level 1 spell: Freeze
  9085 | D:9      | Noticed a two-headed ogre
  9094 | D:9      | Killed a two-headed ogre
  9094 | D:9      | Reached **** piety under Okawaru
  9260 | D:9      | Noticed Erica
  9294 | D:9      | Killed Erica
  9294 | D:9      | Reached skill level 1 in Throwing
 11006 | Orc:1    | Entered Level 1 of the Orcish Mines
 11118 | Orc:1    | Reached XP level 11. HP: 85/97 MP: 16/16
 12091 | Orc:1    | Noticed an orc knight
 12240 | D:9      | Killed an orc knight
 12601 | Orc:1    | Noticed a cyclops
 12610 | Orc:1    | Killed a cyclops
 12610 | Orc:1    | Reached skill level 10 in Fighting
 12810 | Orc:2    | Entered Level 2 of the Orcish Mines
 12826 | Orc:2    | Noticed an orc knight
 12937 | Orc:2    | Killed an orc knight
 13374 | Orc:2    | Found a staircase to the Elven Halls.
 13460 | Orc:2    | Reached skill level 5 in Maces & Flails
 13461 | Orc:2    | Found a flickering gateway to a bazaar.
 13681 | Bazaar   | Entered a bazaar
 13688 | Bazaar   | Found Rugrer's Antique Armour Boutique.
 13717 | Bazaar   | Found Wacusk's Book Emporium.
 13734 | Bazaar   | Found Fatimotu's Book Boutique.
 13751 | Bazaar   | Found Ryori's Jewellery Shoppe.
 13803 | Bazaar   | Bought an uncursed ring of poison resistance for 300 gold
                  | pieces
 13803 | Bazaar   | Bought an uncursed amulet of guardian spirit for 450 gold
                  | pieces
 13803 | Bazaar   | Bought an uncursed ring of resist corrosion for 300 gold
                  | pieces
 13863 | Orc:2    | Noticed an orc sorcerer
 13876 | Orc:2    | Reached skill level 1 in Dodging
 13877 | Orc:2    | Found Gidedghit's Weapon Shoppe.
 13878 | Orc:2    | Noticed an orc high priest
 13882 | Orc:2    | Killed an orc sorcerer
 13893 | Orc:2    | Reached ***** piety under Okawaru
 13914 | Orc:2    | Noticed a sixfirhy
 13915 | Orc:2    | Noticed an orc sorcerer
 13917 | Orc:2    | Noticed an orc knight
 13921 | Orc:2    | Noticed an orc knight
 13922 | Orc:2    | Killed an orc high priest
 13922 | Orc:2    | Received a gift from Okawaru
 13932 | Orc:2    | Killed an orc sorcerer
 13943 | Orc:2    | HP: 4/101 [orc knight/+0 war axe (30)]
 14914 | D:9      | Killed an orc knight
 14914 | D:9      | Reached XP level 12. HP: 22/107 MP: 4/18
 15460 | Orc:2    | Reached skill level 5 in Evocations
 15590 | Orc:2    | Noticed an orc high priest
 15603 | Orc:2    | Killed an orc high priest
 15708 | Orc:2    | Reached skill level 1 in Polearms
 15889 | Orc:2    | Noticed an orc high priest
 15898 | Orc:2    | Noticed a sun demon
 15902 | Orc:2    | Killed an orc high priest
 15906 | Orc:2    | Reached skill level 10 in Armour
 15906 | Orc:2    | Reached skill level 10 in Shields
 15936 | Orc:2    | Found Puneze Usutt's Magic Scroll Shoppe.
 15937 | Orc:2    | Found Wajusch's Weapon Boutique.
 15937 | Orc:2    | Found Niejyeg's Weapon Boutique.
 16108 | Orc:2    | Bought 2 scrolls of teleportation for 72 gold pieces
 16372 | Orc:2    | Bought a scroll of fear for 42 gold pieces
 16372 | Orc:2    | Bought a scroll of identify for 24 gold pieces
 16426 | Elf:1    | Entered Level 1 of the Elven Halls
 16534 | D:10     | Entered Level 10 of the Dungeon
 17463 | D:11     | Reached skill level 11 in Fighting
 17579 | D:11     | Noticed a centaur warrior
 17615 | D:11     | Killed a centaur warrior
 17615 | D:11     | Reached skill level 10 in Invocations
 18035 | D:11     | Found a staircase to the Lair.
 18353 | D:12     | Received a gift from Okawaru
 18365 | D:12     | Reached XP level 13. HP: 108/116 MP: 18/20
 18473 | D:12     | Found a gate leading to a gauntlet.
 19711 | D:12     | You fall into a shaft and drop 2 floors!
 19731 | D:14     | Received a gift from Okawaru
 20052 | D:14     | Identified a scroll of acquirement
 20054 | D:14     | Acquired a +5 broad axe of freezing
 20112 | D:14     | Noticed a fire dragon
 20121 | D:14     | Killed a fire dragon
 20125 | D:14     | Reached skill level 10 in Axes
 20311 | D:14     | Received a gift from Okawaru
 20463 | D:14     | Reached skill level 12 in Fighting
 20703 | D:14     | Noticed Josephine
 20733 | D:14     | Killed Josephine
 20753 | D:14     | Reached XP level 14. HP: 94/126 MP: 14/22
 21082 | D:15     | Entered Level 15 of the Dungeon
 21225 | D:15     | Received a gift from Okawaru
 21767 | D:15     | Found a staircase to the Depths.
 22408 | D:15     | Received a gift from Okawaru
 22415 | D:15     | Got a crystal broad axe {god gift}
 22416 | D:15     | Identified the +0 broad axe "Fyel" {elec, rF- Str+2 Dex+4
                  | Stlth+} (Okawaru gifted it to you on level 15 of the
                  | Dungeon)
 22799 | D:15     | Reached skill level 13 in Fighting
 23749 | Elf:1    | Reached XP level 15. HP: 106/135 MP: 15/24
 23771 | Elf:1    | Found Nevouhug's Jewellery Emporium.
 24056 | Elf:1    | Received a gift from Okawaru
 24093 | Elf:1    | Bought a cursed ring of teleportation for 49 gold pieces
 24093 | Elf:1    | Bought a cursed amulet of inaccuracy for 22 gold pieces
 24238 | Elf:1    | Bought an uncursed ring of positive energy for 220 gold
                  | pieces
 24790 | Elf:1    | Received a gift from Okawaru
 25226 | Elf:1    | Noticed a deep elf sorcerer
 25236 | Elf:1    | Killed a deep elf sorcerer
 25240 | Elf:1    | Identified the Catalogue of Confrontation
 25616 | Elf:1    | Noticed Asterion
 25625 | Elf:1    | Noticed a cacodemon
 25627 | Elf:1    | Killed Asterion
 25627 | Elf:1    | Reached skill level 14 in Fighting
 25649 | Elf:1    | Noticed Agnes
 25665 | Elf:1    | Killed Agnes
 25847 | Elf:2    | Noticed Roxanne
 26055 | Elf:2    | Killed Roxanne
 26337 | Elf:2    | Reached XP level 16. HP: 141/146 MP: 26/26
 26425 | Elf:2    | Found Epnegumn's Book Shop.
 26428 | Elf:2    | Noticed Azrael
 26453 | Elf:2    | Killed Azrael
 26596 | Elf:2    | Reached skill level 10 in Evocations
 26826 | Elf:2    | Found a runed translucent door.
 26940 | Elf:2    | Found a runed translucent door.
 27043 | Elf:2    | Noticed a deep elf blademaster
 27057 | Elf:2    | Killed a deep elf blademaster
 27120 | Elf:2    | Received a gift from Okawaru
 27124 | Elf:2    | Got a brightly glowing scale mail {god gift}
 27146 | Elf:2    | Identified the +0 scale mail "Weuz" {Int+4 Dex+4} (Okawaru
                  | gifted it to you on level 2 of the Elven Halls)
 27731 | Elf:2    | Reached skill level 10 in Maces & Flails
 28211 | Elf:3    | Entered Level 3 of the Elven Halls
 28954 | Elf:3    | Got a smoking ring mail
 28966 | Elf:3    | Identified the +1 ring mail of Matydu {*Corrode +Fly Int+3}
                  | (You found it on level 3 of the Elven Halls)
 29168 | Elf:3    | HP: 5/147 [deep elf sorcerer/damnation (50)]
 29170 | Elf:3    | Killed from afar by a deep elf sorcerer

Illustrated notes

Levels and vault maps discovered:
D:1:      nicolae_arrival_somewhat_less_tricky_arrival, layout_basic
D:2:      layout_rooms, lemuel_coloured_pillars_altar
D:3:      layout_basic, grunt_ministairs_15, kennysheep_generic_room_10
D:4:      minmay_door_path, layout_basic, minmay_temple_entry_junction,
          kennysheep_decorative_pillar
D:5:      layout_rooms, uniq_eustachio
D:6:      layout_loops_corners, lightli_sewer_entry_pipes, uniq_prince_ribbit1
D:7:      layout_basic, uniq_pikel, uniq_joseph, uniq_maggie
D:8:      layout_loops_cross, kennysheep_generic_room_12
D:9:      layout_loops_corners, orc_david_3, uniq_erica
D:10:     layout_gridville, billiards_dpeg
D:11:     layout_rooms, erik_lair_orcish_takeover
D:12:     layout_loops_corners, gauntlet_entry_generic, grunt_ministairs_5,
          nicolae_wwwww
D:13:     layout_stronghold, erik_vaults_2
D:14:     layout_roguey, serial_bayou_shore_b, uniq_josephine
D:15:     grunt_enter_depths_magical_seal, layout_irregular_city,
          minmay_curled_crystal
Temple:   compressed_dpeg_triangle_lava_temple
Orc:1:    layout_caves, mines2_lemuel
Orc:2:    st_orc_elflike, layout_caves, serial_shops, bzr_entry_lakeside
Elf:1:    eino_elf_arrival_shootout, layout_loops_ring, serial_shops, shop,
          minmay_elf_sorcery, uniq_asterion, uniq_agnes
Elf:2:    layout_rooms, serial_shops, shop, serial_co_window_serial,
          co_window_of_opportunity_a, co_window_cross_1, co_window_paths_a,
          co_window_paths_a, co_window_paths_a, co_window_of_opportunity_a,
          co_window_of_opportunity_a, co_window_2corner, co_window_broadway_a,
          co_window_corner_b, co_window_paths_c, glass_columns_c,
          glass_columns_b, glass_columns_a, glass_columns_b, glass_columns_a,
          uniq_azrael, uniq_roxanne
Elf:3:    minmay_elf_hall_not_hex, layout_loops_ring, chequers_big_river

Skill      XL: |  1  2  3  4  5  6  7  8  9 10 11 12 13 14 15 16 |
---------------+-------------------------------------------------+-----
Axes           | 3 4 5 6 7 8 9 10 11 12 | 12.2
Fighting       | 4 5 6 7 8 9 10 11 12 13 14 | 14.9
Armour         | 4 5 6 8 9 10 11 12 13 | 13.9
Shields        | 4 5 6 8 9 10 11 12 13 | 13.9
Invocations    | 1 3 6 7 8 10 11 12 13 | 13.5
Maces & Flails | 3 5 6 7 9 10 | 10.3
Evocations     | 3 4 6 7 9 10 | 10.8
Throwing       | 1 3 |  3.0
Dodging        | 1 3 |  3.0
Polearms       | 3 |  3.2
Spellcasting   | |  0.1

Action                   |  1- 3 |  4- 6 |  7- 9 | 10-12 | 13-15 | 16-18 || total
-------------------------+-------+-------+-------+-------+-------+-------++-------
Melee: War axe           |   103 |   120 |       |       |       |       ||   223
       Flail             |       |    19 |   434 |   509 |       |       ||   962
       Unarmed           |       |       |    17 |       |       |       ||    17
       Mace              |       |       |       |    87 |       |       ||    87
       Trident           |       |       |       |   169 |       |       ||   169
       Hand axe          |       |       |       |   187 |   208 |       ||   395
       Broad axe         |       |       |       |       |   144 |   217 ||   361
       Eveningstar       |       |       |       |       |   458 |    12 ||   470
Throw: Boomerang         |       |       |     1 |    59 |    12 |    32 ||   104
Invok: Heroism           |       |       |     7 |    51 |    39 |    15 ||   112
       Finesse           |       |       |       |     8 |    21 |     9 ||    38
 Abil: Evoke Flight      |       |       |       |       |       |     1 ||     1
Evoke: Wand              |       |       |       |     5 |    22 |     3 ||    30
       Phial of floods   |       |       |       |     1 |       |       ||     1
       Tin of tremorston |       |       |       |       |     1 |       ||     1
  Use: Scroll            |     3 |     3 |    11 |     8 |    18 |     2 ||    45
       Potion            |     1 |       |     7 |     3 |     3 |     1 ||    15
 Stab: Paralysed         |       |       |       |       |     1 |       ||     1
Armor: Scale mail        |    65 |    60 |    60 |       |       |       ||   185
       Chain mail        |       |       |   180 |       |       |       ||   180
       Acid dragon scale |       |       |    25 |    45 |       |       ||    70
       Plate armour      |       |       |       |   255 |   202 |    39 ||   496
Dodge: Dodged            |    61 |    45 |   168 |   245 |    97 |    17 ||   633
Block: Kite shield       |    56 |    76 |   321 |   569 |       |       ||  1022
       Tower shield      |       |       |       |     3 |   671 |   143 ||   817

Table legend: (Time is in decaauts)
 A = Elapsed time spent in this place.
 B = Non-inter-level travel time spent in this place.
 C = Inter-level travel time spent in this place.
 D = Time resting spent in this place.
 E = Time spent auto-exploring this place.
 F = Levels seen in this place.
 G = Mean time per level.
                   A        B        C        D        E       F      G
               +--------+--------+--------+--------+--------+-----+--------+
         Total |  29001 |  27883 |   1118 |   8820 |   9974 |  22 | 1318.2 |
       Dungeon |  19744 |  18778 |    966 |   5633 |   7814 |  15 | 1316.3 |
        Temple |    255 |    243 |     12 |      0 |    131 |   1 |  255.0 |
  Orcish Mines |   3506 |   3423 |     83 |   1519 |    552 |   2 | 1753.0 |
   Elven Halls |   5338 |   5282 |     56 |   1668 |   1477 |   3 | 1779.3 |
        Bazaar |    157 |    157 |      0 |      0 |      0 |   1 |  157.0 |
               +--------+--------+--------+--------+--------+-----+--------+

Top non-repeatable levels by time:
     D:9: 3613 daAuts
   Elf:2: 2280 daAuts
   Elf:1: 2111 daAuts
   Orc:1: 1793 daAuts
     D:6: 1776 daAuts
    D:14: 1743 daAuts
   Orc:2: 1712 daAuts
     D:7: 1638 daAuts
     D:1: 1436 daAuts
     D:4: 1421 daAuts
    D:12: 1381 daAuts
    D:15: 1337 daAuts
     D:8: 987 daAuts
   Elf:3: 946 daAuts
    D:10: 907 daAuts
